 Dungeon Crawl Stone Soup version 0.29-a0-839-g4793fd635e (webtiles) character file.

Game seed: 1444036214029023733

281 Malachi the Cutter (level 5, -5/41 HPs)
             Began as a Demigod Brigand on July 14, 2022.
             Slain by a kobold
             ... wielding a +2 rapier of distortion
              (23 damage)
             ... on level 3 of the Dungeon.
             The game lasted 00:04:09 (4747 turns).

Malachi the Cutter (Demigod Brigand)                Turns: 4747, Time: 00:04:10

Health: -5/41      AC:  7    Str: 18    XL:     5   Next: 77%
Magic:  7/7        EV: 10    Int: 13    God:
Gold:   117        SH:  0    Dex: 19    Spells: 4/4 levels left

rFire   . . .      SeeInvis .   a - +9 rapier of Viofe {vamp, *Rage rN++ Will+}
rCold   . . .      Faith    .   (no shield)
rNeg    + + .      Spirit   .   t - +0 ring mail
rPois   .          Reflect  .   (no helmet)
rElec   .          Harm     .   c - +0 cloak
rCorr   .          Rampage  .   (no gloves)
Will    +....      Rage     20% s - +0 pair of boots
Stlth   ++........              (no amulet)
HPRegen 0.13/turn               p - +6 ring of strength
MPRegen 0.10/turn               (no ring)

@: on berserk cooldown, slowed, very slow
A: high MP 1, forlorn, divine attributes
a: no special abilities


You were on level 3 of the Dungeon.
You visited 1 branch of the dungeon, and saw 3 of its levels.

You collected 117 gold pieces.

Inventory:

Hand Weapons
 a - the +9 rapier of Viofe (weapon) {vamp, *Rage rN++ Will+}
   (You found it on level 3 of the Dungeon)

   It occasionally heals its wielder for a portion of the damage dealt when it
   wounds a living foe.
   rN:        It greatly protects you from negative energy.
   *Rage:     It berserks you when you make melee attacks (+20% chance).
   Will:      It increases your willpower.
Missiles
 d - 19 poisoned darts (quivered)
 e - 3 curare-tipped darts
Armour
 b - a +0 robe
 c - a +0 cloak (worn)
 s - a +0 pair of boots (worn)
 t - a +0 ring mail (worn)
Jewellery
 l - a ring of magical power
 p - a +6 ring of strength (left hand)
Scrolls
 f - 2 scrolls of enchant weapon {unknown}
 h - 4 scrolls of noise {unknown}
 j - 5 scrolls of identify {unknown}
 o - 5 scrolls of teleportation {unknown}
 q - a scroll of fog {unknown}
 r - a scroll of enchant armour {unknown}
Potions
 g - 2 potions of attraction {unknown}
 i - 2 potions of flight {unknown}
 k - a potion of curing {unknown}
 m - 2 potions of might {unknown}
 n - a potion of berserk rage {unknown}


   Skills:
 - Level 1.7 Fighting
 * Level 5.8 Short Blades
 - Level 1.7 Throwing
 - Level 0.8 Dodging
 - Level 3.6 Stealth


You had 4 spell levels left.
You didn't know any spells.
Your spell library was empty.

Dungeon Overview and Level Annotations

Branches:
Dungeon (3/15)

Shops:
D:3 (

Annotations:
D:3 astraldaughter's ghost, amateur MfAK


Innate Abilities, Weirdness & Mutations

You have an increased reservoir of magic. (+10% MP)
You shall have no god before yourself.
Your divine heritage dramatically boosts your attributes as you level up.


Message History

a +0 club; a kobold corpse You puncture astraldaughter's ghost!
Astraldaughter's ghost is moderately damaged.
The kobold closely misses you.
You completely miss astraldaughter's ghost.
Astraldaughter's ghost is moderately damaged.
Astraldaughter's ghost closely misses you.
You closely miss astraldaughter's ghost.
Astraldaughter's ghost is moderately damaged.
The kobold hits you but does no damage. Astraldaughter's ghost hits you.
The kobold hits you but does no damage. Space warps horribly around you!
You barely miss astraldaughter's ghost.
Astraldaughter's ghost is moderately damaged.
The kobold hits you but does no damage.
You puncture astraldaughter's ghost!
Astraldaughter's ghost is heavily damaged.
Astraldaughter's ghost hits you. The kobold completely misses you.
You completely miss astraldaughter's ghost.
Astraldaughter's ghost is heavily damaged.
The kobold hits you but does no damage.
Astraldaughter's ghost hits you but does no damage.
The kobold hits you with a +2 rapier of distortion.
You blink.
You are no longer berserk.
You are exhausted.
You feel yourself slow down.
You hit astraldaughter's ghost but do no damage.
Astraldaughter's ghost is heavily damaged.
Astraldaughter's ghost misses you.
You hit astraldaughter's ghost.
Astraldaughter's ghost is heavily damaged.
Astraldaughter's ghost closely misses you.
You hit astraldaughter's ghost.
Astraldaughter's ghost is severely damaged.
Astraldaughter's ghost hits you. The kobold closely misses you.
The kobold hits you but does no damage. Astraldaughter's ghost misses you.
The kobold hits you with a +2 rapier of distortion.
Space warps horribly around you!!
Ouch! That really hurt!
You die...

####...########......))).<#
##...#.# #.#########.# #.....♣###
#.# #.# )....♣P♣.# #.# #.#
♣.♣♣♣.P♣.# #.# ##.## ...♣♣....#
#.# ######...###### ...♣♣♣♣♣P#
#.###........#..... ..P....♣.#
#...######......###
♣♣...P.♣♣######K@##≈⌠≈#####.#.###
..♣♣...#§##....KW#.....##...#...#
.....♣♣§....###..'.###..#.#####.#
♣.♣♣§♣§♣##..###..'.....(#...#...#
...§§§♣♣.....###)'.###..##..#.#.#
....♣P..##...# #)#.....# #....#.#
♣.P....[P....# #)##≈⌠≈## #.#.##.#
.♣..♣..♣.##..# #..##### #.#.##.#
)♣.♣♣..♣.##..######.######.......


You could see astraldaughter's ghost and 2 kobolds.

Vanquished Creatures
  A kobold brigand (D:3)
  An orc wizard (D:3)
  5 gnolls (D:3)
  5 adders
  2 worms (D:2)
  5 dart slugs
  4 orcs (D:3)
  7 endoplasms
  2 giant cockroaches
  4 goblins
  4 hobgoblins
  7 quokkas
  7 ball pythons
  6 bats
  3 frilled lizards
  10 kobolds
  4 rats
77 creatures vanquished.

Vanquished Creatures (others)
  2 fungi (D:3)
  23 plants (D:3)
25 creatures vanquished.

Grand Total: 102 creatures vanquished

Notes
Turn   | Place    | Note
-------+----------+-------------------------------------------
     0 | D:1      | Malachi the Demigod Brigand began the quest for the Orb.
     0 | D:1      | Reached XP level 1. HP: 17/17 MP: 3/3
   301 | D:1      | Reached skill level 2 in Short Blades
   693 | D:1      | Reached XP level 2. HP: 23/24 MP: 4/4
  1113 | D:1      | Reached skill level 3 in Short Blades
  1560 | D:2      | Reached XP level 3. HP: 4/29 MP: 5/5
  2786 | D:2      | Reached skill level 4 in Short Blades
  3042 | D:3      | Reached XP level 4. HP: 36/36 MP: 6/6
  3572 | D:3      | Found a runed translucent gate.
  3573 | D:3      | Found a runed translucent gate.
  3574 | D:3      | Found a runed translucent gate.
  3574 | D:3      | Noticed astraldaughter's ghost (amateur MfAK)
  3575 | D:3      | Noticed a kobold brigand
  3817 | D:3      | Identified the +9 rapier of Viofe {vamp, *Rage rN++ Will+}
  3836 | D:3      | Found Uttov's Antique Weapon Shop.
  3844 | D:3      | Reached skill level 5 in Short Blades
  3848 | D:3      | Reached XP level 5. HP: 18/40 MP: 7/7
  4747 | D:3      | Slain by a kobold

Illustrated notes

Levels and vault maps discovered:
D:1:      dpeg_arrival_pits, layout_loops_corners, kennysheep_boxes
D:2:      layout_basic
D:3:      wad_woods_tower, layout_loops_ring, lemuel_round_altar,
          gammafunk_ghost_nasty_kobolds, serial_shops, shop_fountains,
          basic_ecumenical_altar

Skill      XL: |  1  2  3  4 |
---------------+-------------+-----
Short Blades   | 2 3 4 5 |  5.8
Fighting       | |  1.7
Throwing       | |  1.7
Dodging        | |  0.8
Stealth        | |  3.6

Action                   |  1- 3 |  4- 6 || total
-------------------------+-------+-------++-------
Melee: Dagger            |   157 |    53 ||   210
       Punch             |     1 |       ||     1
       Rapier            |       |    35 ||    35
 Stab: Sleeping          |    13 |     4 ||    17
Armor: Robe              |    30 |    14 ||    44
       Ring mail         |       |    10 ||    10
Dodge: Dodged            |    76 |    47 ||   123

Table legend: (Time is in decaauts)
 A = Elapsed time spent in this place.
 B = Non-inter-level travel time spent in this place.
 C = Inter-level travel time spent in this place.
 D = Time resting spent in this place.
 E = Time spent auto-exploring this place.
 F = Levels seen in this place.
 G = Mean time per level.
                   A        B        C        D        E       F      G
               +--------+--------+--------+--------+--------+-----+--------+
         Total |   4751 |   4662 |     89 |   1219 |   2894 |   3 | 1583.7 |
       Dungeon |   4751 |   4662 |     89 |   1219 |   2894 |   3 | 1583.7 |
               +--------+--------+--------+--------+--------+-----+--------+

Top non-repeatable levels by time:
     D:3: 1716 daAuts
     D:2: 1598 daAuts
     D:1: 1436 daAuts
